 Dungeon Crawl Stone Soup version 0.32-a0-765-gfba4d74c8c (webtiles) character file.

Game seed: 11577746659511980853

1085 Revguard the Charlatan (level 8, 0/61 HPs)
             Began as a Coglin Gladiator on Mar 18, 2024.
             Was an Initiate of Wu Jian.
             Killed themself with a badly aimed rupture (19 damage)
             ... on level 6 of the Dungeon.
             The game lasted 00:08:01 (3538 turns).

Revguard the Charlatan (Coglin Gladiator)           Turns: 3538, Time: 00:08:03

Health: 0/61       AC: 18    Str: 17    XL:     8   Next: 30%
Magic:  8/8        EV:  8    Int:  8    God:    Wu Jian [......]
Gold:   331        SH:  0    Dex: 15    Spells: 7/7 levels left

rFire   . . .        x - +2 flail (protect) {Kiyoto}
rCold   . . .        y - +2 flail (protect) {Narong}
rNeg    . . .        v - +0 chain mail
rPois   .            c - +0 helmet
rElec   .            (no cloak)
rCorr   .            l - +0 pair of gloves
SInv    .            (no boots)
Will    .....        (amulet unavailable) Stlth
                     (ring unavailable)
HPRegen 0.30/turn    (ring unavailable)
MPRegen 0.11/turn    (no gizmo)

%: no passive effects
@: lethally poisoned (0 -> -7), under a protective aura, revved
A: off-hand wielding, slow wielding, warmup strikes, no jewellery
a: Invent Gizmo, Renounce Religion


You were on level 6 of the Dungeon.
You worshipped Wu Jian.
Wu Jian was noncommittal.
You visited 2 branches of the dungeon, and saw 7 of its levels.

You collected 331 gold pieces.

Inventory:

Hand Weapons
 a - a +0 war axe {Cipactli}
 f - a +0 dagger {Somchai}
 k - a +2 dagger of venom {Amyrtaeus}
 x - a +2 flail of protection (weapon) {Kiyoto}
 y - a +2 flail of protection (offhand) {Narong}
Missiles
 d - 2 throwing nets (quivered)
 e - 4 javelins
Armour
 b - a +0 leather armour
 c - a +0 helmet (worn)
 l - a +0 pair of gloves (worn)
 m - a +0 ring mail
 v - a +0 chain mail (worn)
Wands
 q - a wand of mindburst (16)
 s - a wand of flame (15)
 u - a wand of polymorph (8)
 A - a wand of warping (6)
Scrolls
 g - 2 scrolls of enchant weapon {unknown}
 i - 2 scrolls of revelation {unknown}
 o - 3 scrolls of teleportation {unknown}
 r - 2 scrolls of identify {unknown}
 t - a scroll of amnesia {unknown}
Potions
 h - 2 potions of haste {unknown}
 j - 2 potions of invisibility {unknown}
 n - 3 potions of curing {unknown}
 p - a potion of brilliance {unknown}
 w - a potion of cancellation {unknown}
 z - a potion of attraction {unknown}


   Skills:
 + Level 4.6 Fighting
 - Level 3.3(4.1) Axes
 + Level 3.3(3.9) Maces & Flails
 - Level 1.7 Throwing
 + Level 3.6 Armour
 + Level 4.7 Dodging
 + Level 5.2 Evocations


You had 7 spell levels left.
You didn't know any spells.
Your spell library was empty.

Dungeon Overview and Level Annotations

Branches:
Dungeon (6/15)             Temple (1/1) D:5

Altars:
Ashenzari
Cheibriados
Dithmenos
Elyvilon
Fedhas
Gozag
Hepliaklqana
Kikubaaqudgha
Makhleb
Nemelex Xobeh
Okawaru
Qazlal
Ru
Sif Muna
Uskayaw
Wu Jian
Xom
Yredelemnul
The Shining One

Shops:
D:1 [   D:2 [


Innate Abilities, Weirdness & Mutations

You can wield a second weapon in your off-hand.
It takes a long time for you to wield or remove held weapons.
Your first few attacks do less damage.
You cannot equip rings or amulets.


Message History

The killer bee barely misses you.
The killer bee stings you but does no damage.
You closely miss the killer bee with your +2 flail of protection.
The killer bee is heavily wounded.
You closely miss the killer bee with your +2 flail of protection.
You feel sick.
The killer bee stings you but does no damage.
The killer bee misses you.
The killer bee stings you but does no damage.
The killer bee closely misses you. The killer bee barely misses you.
The killer bee closely misses you.
You miss the killer bee with your +2 flail of protection.
The killer bee is heavily wounded.
You miss the killer bee with your +2 flail of protection.
You feel sick.
You are no longer poisoned.
The killer bee stings you but does no damage.
The killer bee stings you.
You are poisoned.
The killer bee poisons you!
The killer bee stings you but does no damage. x2
You closely miss the killer bee with your +2 flail of protection.
The killer bee is almost dead.
You sock the killer bee with your +2 flail of protection!
You kill the killer bee!
The Council accepts your kill.
You feel very sick. The killer bee closely misses you.
The killer bee stings you. The killer bee closely misses you.
Aiming: Warp Space
Press: ? - help, Shift-Dir - straight line, f - killer bee
Aim: a killer bee Space twists violently!
The rupture engulfs the killer bee!
The killer bee blinks!
The killer bee is almost dead.
The rupture engulfs the killer bee!!
The killer bee blinks!
You kill the killer bee!
The Council accepts your kill. The rupture engulfs you!!
You blink.
You die...

.###... ....... ##
......# .# ....... .#
##....$ .###.#.. ..
##.##..# ... ##.§#...#
##... #..§§y.@# .#..
#.....###yy## ...
##... ##..##.#
#.)....##......# ##.
#.....#...#....## ..
##...#.#.### ...# .
#...###...###..##....
#...###.............##
...#..#..#.......#....


You could see 3 killer bees.

Vanquished Creatures
  Eustachio (D:5)
  Edmund (D:4)
  An ogre (D:6)
  2 phantoms
  A gnoll sergeant (D:5)
  2 scorpions
  2 killer bees (D:6)
  A bombardier beetle (D:5)
  2 hounds
  An orc priest (D:5)
  An orc wizard (D:5)
  4 gnolls (D:4)
  12 adders
  A shadow imp (D:5)
  A white imp (D:5)
  2 dart slugs
  2 ribbon worms
  5 orcs
  4 ball pythons
  4 endoplasms
  5 giant cockroaches
  11 goblins
  8 hobgoblins
  3 jackals (D:4)
  5 kobolds
  4 quokkas
  2 bats (D:2)
  5 rats
93 creatures vanquished.

Notes
Turn   | Place    | Note
-------+----------+-------------------------------------------
     0 | D:1      | Revguard the Coglin Gladiator began the quest for the Orb.
     0 | D:1      | Reached XP level 1. HP: 16/16 MP: 1/1
   135 | D:1      | Reached XP level 2. HP: 20/22 MP: 2/2
   148 | D:1      | Found Eqofoonn's Antique Armour Emporium.
   306 | D:1      | Reached skill level 1 in Evocations
   657 | D:2      | Reached XP level 3. HP: 28/28 MP: 3/3
   754 | D:2      | Reached skill level 1 in Armour
   931 | D:2      | Found Kouso Nuenu's Antique Armour Emporium.
  1009 | D:3      | Reached XP level 4. HP: 34/34 MP: 4/4
  1110 | D:3      | Reached skill level 2 in Evocations
  1134 | D:3      | Found an opulent altar of Gozag.
  1208 | D:3      | Found a faded altar of an unknown god.
  1500 | D:4      | Noticed a scorpion
  1507 | D:4      | Killed a scorpion
  1508 | D:4      | Reached skill level 1 in Maces & Flails
  1508 | D:4      | Reached XP level 5. HP: 41/41 MP: 5/5
  1629 | D:4      | Noticed Edmund
  1646 | D:4      | Killed Edmund
  1647 | D:4      | Reached skill level 3 in Evocations
  1647 | D:4      | Reached XP level 6. HP: 44/47 MP: 6/6
  2528 | D:5      | Entered Level 5 of the Dungeon
  2533 | D:5      | Found a staircase to the Ecumenical Temple.
  2578 | Temple   | Entered the Ecumenical Temple
  2587 | Temple   | Became a worshipper of the Wu Jian Council
  2628 | D:5      | Noticed Eustachio
  2635 | D:5      | Killed Eustachio
  2636 | D:5      | Reached skill level 4 in Evocations
  2636 | D:5      | Reached XP level 7. HP: 53/53 MP: 7/7
  3190 | D:5      | Found a basalt altar of Yredelemnul.
  3435 | D:6      | Reached XP level 8. HP: 60/60 MP: 8/8
  3456 | D:6      | Reached skill level 5 in Evocations
  3538 | D:6      | Killed themself with a badly aimed rupture

Illustrated notes

Levels and vault maps discovered:
D:1:      dpeg_arrival_fog, layout_loops_ring, serial_shops, shop
D:2:      layout_rooms, serial_shops, shop
D:3:      layout_rooms, nicolae_gozag_cash_rules_everything_around_me,
          dreamdust_ecumenical_altar_hidden_monk_grotto, serial_bayou_lagoon_a
D:4:      layout_loops_ring, chequers_serial_rivers_small_b,
          grunt_ministairs_14, uniq_edmund
D:5:      minmay_chambers_of_fours, layout_basic, general_overflow_altar,
          temple_pool_b, amethyst_killhole, st_stairs_12, uniq_eustachio
D:6:      hellmonk_destroyed_diamonds, layout_cave_pools, serial_shops,
          nicolae_take_the_stairs, uniq_grinder
Temple:   sentei_temple_godly_chess

Skill      XL: |  1  2  3  4  5  6  7  8 |
---------------+-------------------------+-----
Evocations     | 1 2 3 4 5 |  5.2
Dodging        | 3 4 |  4.7
Armour         | 1 2 3 |  3.6
Fighting       | 3 4 |  4.6
Maces & Flails | 1 2 3 |  3.3
Axes           | |  3.3
Throwing       | |  1.7

Action                     |  1- 3 |  4- 6 |  7- 9 || total
---------------------------+-------+-------+-------++-------
  Melee: War axe           |    49 |    81 |       ||   130
         Dagger            |    46 |    80 |       ||   126
         Flail             |       |    15 |   148 ||   163
  Throw: Throwing net      |       |     2 |       ||     2
Ability: Lunge             |       |     1 |     6 ||     7
   Stab: Held in net/web   |       |     2 |       ||     2
 Armour: Leather armour    |    16 |       |       ||    16
         Ring mail         |    11 |    28 |       ||    39
         Skin              |       |     5 |       ||     5
         Chain mail        |       |    34 |   114 ||   148
  Dodge: Dodged            |    32 |    48 |    50 ||   130

Table legend: (Time is in decaauts)
 A = Elapsed time spent in this place.
 B = Non-inter-level travel time spent in this place.
 C = Inter-level travel time spent in this place.
 D = Time resting spent in this place.
 E = Time spent auto-exploring this place.
 F = Levels seen in this place.
 G = Mean time per level.
                   A        B        C        D        E       F      G
               +--------+--------+--------+--------+--------+-----+--------+
         Total |   3587 |   3461 |    126 |      8 |   2599 |   7 |  512.4 |
       Dungeon |   3572 |   3446 |    126 |      8 |   2599 |   6 |  595.3 |
        Temple |     15 |     15 |      0 |      0 |      0 |   1 |   15.0 |
               +--------+--------+--------+--------+--------+-----+--------+

Top non-repeatable levels by time:
     D:4: 1037 daAuts
     D:5: 877 daAuts
     D:1: 617 daAuts
     D:3: 510 daAuts
     D:2: 390 daAuts
     D:6: 139 daAuts
  Temple: 15 daAuts
